Arthur, lawful female human Valkyrie ----- --- --- ---.|.- --.--- -----..----...... |....-- ...............- --- |.....| -......-.....--- --.--- --....| --..............| |....--- --....| -...............----......| |..)..| |......a@).....h.---(--..| --....)a)............||..| -........h....-------|..| |..--.)........---- |.-- ----|...........|.-- |.| |-.............| |.| |.............-- |.-- --............| --..| ---.|.......-- |...| ----....|.- |...| --..--.. |...| ---- ... --..| -.-- ---- -- Arthur the Skirmisher Experience level: 5 Strength: 18/07 Dexterity: 10 Constitution: 16 Intelligence: 9 Wisdom: 7 Charisma: 10 Health: 0(51) Energy: 13(13) Def: 4 Gold: 174 Moves: 2154 Dungeon seed: jMxvmWI6tpgM49FB Game ID: Arthur_1553808503 Your Inventory: Coins $ - 174 gold pieces Weapons a - a +1 long sword (weapon in hand) b - a +0 dagger i - 37 +0 arrows j - a +0 bow k - 3 +1 daggers l - 10 blessed +0 arrows m - a cursed -1 bow p - a +1 crossbow s - 9 +1 crossbow bolts (in quiver) u - a +0 orcish dagger x - a +0 long sword z - 5 +0 crossbow bolts Armor e - an uncursed +3 small shield (being worn) n - an uncursed +0 orcish helm Comestibles c - 2 uncursed food rations Scrolls f - a cursed scroll of confuse monster Potions h - an uncursed potion of extra healing Tools d - an uncursed oil lamp (0:1374) t - an uncursed tallow candle (0:200) v - an uncursed lock pick w - an uncursed lock pick Gems q - an uncursed worthless piece of yellow glass r - an uncursed worthless piece of blue glass y - an uncursed worthless piece of yellowish brown glass N - 2 uncursed worthless pieces of white glass Y - an uncursed worthless piece of black glass Spells and supernatural/magical abilities: Name Level Category Fail Memory W - pray for help -- divine ? -- Your skills at the end: Fighting Skills Weapon Skills dagger [Basic] long sword [Basic] Spellcasting Skills Final Attributes: You were piously aligned. You were cold resistant. You were stealthy. You are dead. Vanquished creatures: a gnome king a rock mole 3 gnome lords a giant ant a little dog a giant bat an iguana an acid blob a gas spore a cave spider 15 gnomes a gecko 3 jackals 3 goblins 2 sewer rats a grid bug a bat a lichen 3 newts 42 creatures vanquished. Voluntary challenges: You had been an atheist until turn 1962. You used a wielded weapon 38 times, starting on turn 108. You were illiterate. You never genocided any monsters. You never polymorphed an object. You never changed form. You used no wishes. You never split a pudding. You never wrote Elbereth's name. You never violated your personal moral code. Dungeon overview: The Dungeons of Doom: levels 1 to 3 Level 1 a long staircase Level 2 a fountain Level 3 a jewelry store, a fountain stairs to The Gnomish Mines The Gnomish Mines: levels 4 to 5 Level 4 stairs to The Dungeons of Doom Level 5 <- You were here History has recorded: On T:1 you entered the Dungeons of Doom to retrieve the Amulet of Yendor! On T:94 you reached level 2 of The Dungeons of Doom. On T:174 you reached level 3 of The Dungeons of Doom. On T:772 you reached level 1 of The Gnomish Mines. On T:781 you advanced to experience level 2. On T:796 you advanced to experience level 3. On T:1203 you advanced to experience level 4. On T:1997 you reached level 2 of The Gnomish Mines. On T:2029 you advanced to experience level 5. Score breakdown: Gold: 174 ( 7630 points) Experience: 5 levels (11141 points) Exploration: 5 levels ( 10.20%) ( 8660 points) Discoveries: 0 items ( 0.00%) ( 0 points) Valuables value: (no points given unless you survive) Artifact value: 0 ( 0 points) Variety of kills: 19 monsters ( 4.99%) ( 6699 points) Turncount: 2154 turns ( -110 points) Survival: died (score multiplied by 80%) Total score: 27216 Latest messages: You finish eating the gnome corpse. You miss the giant ant. The giant ant bites! (3x) You miss the giant ant. The giant ant bites! (4x) You hit the giant ant! The giant ant bites! (2x) You miss the giant ant. The giant ant bites! (2x) The dwarf falls into a pit! The giant ant bites! The giant ant misses. You kill the giant ant! The giant ant bites! You miss the giant ant. The giant ant bites! (3x) You miss the giant ant. The giant ant just misses! The giant ant bites! You miss the giant ant. The giant ant bites! (3x) You die... Final status: Farvel Arthur the Valkyrie, killed by a giant ant... You died in The Gnomish Mines on dungeon level 5 with 27216 points, and 174 pieces of gold, after 2154 moves. You were level 5 with a maximum of 51 hit points when you died.